 Dungeon Crawl Stone Soup version 0.26-a0-259-g1effd001a9 (webtiles) character file.

Game seed: 18299643992233722951

(classic levelgen) 279 EnegeticOcto the Shield-Bearer (level 6, 0/57 HPs)
             Began as a Deep Dwarf Fighter on July 16, 2020.
             Slain by an ogre
             ... wielding a +0 giant spiked club
              (27 damage)
             ... on level 4 of the Dungeon.
             The game lasted 00:00:38 (601 turns).

EnegeticOcto the Shield-Bearer (Deep Dwarf Fighter)  Turns: 601, Time: 00:00:39

Health: 0/57       AC:  7    Str: 22    XL:     6   Next: 5%
Magic:  14/14 (5)  EV:  8    Int:  8    God:
Gold:   58         SH: 10    Dex: 12    Spells: 5/5 levels left

rFire    . . .     SeeInvis .   a - +0 war axe
rCold    . . .     Faith    .   c - +0 kite shield
rNeg     . . .     Spirit   .   b - +0 scale mail
rPois    .         Reflect  .   (no helmet)
rElec    .         Harm     .   (no cloak)
rCorr    .                      (no gloves)
MR       .....                  (no boots)
Stlth    ..........             (no amulet)
HPRegen  0.00/turn              j - ring of magical power
MPRegen  0.14/turn              (no ring)

@: non-regenerating
A: damage resistance, heal wounds, sense surroundings 1, no regeneration
a: Heal Wounds


You were on level 4 of the Dungeon.
You were not hungry.

You visited 1 branch of the dungeon, and saw 4 of its levels.

You collected 58 gold pieces.

Inventory:

Hand Weapons
 a - a +0 war axe (weapon)
Armour
 b - a +0 scale mail (worn)
 c - a +0 kite shield (worn)
Jewellery
 d - an uncursed ring of magical power
 h - an uncursed amulet of reflection {unknown}
 j - a ring of magical power (left hand)
Scrolls
 f - 3 scrolls of identify {unknown}
 i - a scroll of fear {unknown}
 n - a scroll of remove curse {unknown}
Potions
 g - a potion of degeneration {unknown}
 k - a potion of might {@q3}
 l - 2 potions of brilliance {unknown}
 m - a potion of stabbing {unknown}
Comestibles
 e - 4 rations


   Skills:
 * Level 3.9 Fighting
 * Level 4.1 Axes
 + Level 4.1 Armour
 + Level 2.2 Dodging
 + Level 4.1 Shields


You had 5 spell levels left.
You didn't know any spells.
Your spell library was empty.

Dungeon Overview and Level Annotations

Branches:
Dungeon (4/15)
 Temple: D:4-7

Altars:
Dithmenos
Yredelemnul


Innate Abilities, Weirdness & Mutations

You are resistant to damage.
You can heal yourself by infusing magical energy.
You passively map a small area around you.
You do not regenerate.


Message History

A worm comes into view.
A worm is nearby!
A worm is nearby!
A worm is nearby!
A worm is nearby!
A worm is nearby!
A worm is nearby!
The worm bites you but does no damage.
You slash the worm!
The worm is severely wounded.
You hear an angry hiss.
The worm bites you but does no damage.
A leopard gecko comes into view.
You hear an angry hiss.
You completely miss the worm.
The worm is heavily wounded.
The worm barely misses you.
You hit the worm.
The worm is heavily wounded.
You slash the worm!
You kill the worm!
An adder comes into view.
You miss the leopard gecko.
The adder hisses angrily.
You block the leopard gecko's attack.
The leopard gecko bites you but does no damage.
You closely miss the leopard gecko. The leopard gecko barely misses you. x2
There are monsters nearby!
There are monsters nearby!
There are monsters nearby!
There are monsters nearby!
There are monsters nearby!
There are monsters nearby!
There are monsters nearby!
There are monsters nearby!
You slash the leopard gecko!
You kill the leopard gecko!
You hit the adder but do no damage. The adder bites you but does no damage.
The adder barely misses you.
You barely miss the adder. You block the adder's attack. x2
You hit the adder.
The adder is moderately wounded.
The adder bites you but does no damage.
You slash the adder!
You kill the adder!
You have reached level 6!
Your experience leads to an increase in your attributes!
Increase (s)trength, (i)ntelligence, or (d)exterity?
You feel stronger.
Found 25 arrows.
Things that are here:
an adder corpse; a leopard gecko corpse
Found 16 arrows.
A gnoll comes into view. It is wielding a +1 spear of flaming.
A gnoll is nearby!
A gnoll is nearby!
A gnoll is nearby!
A gnoll is nearby!
The gnoll shouts!
You hear a shout!
The gnoll throws a stone.
The stone hits you.
A gnoll comes into view. It is wielding a +0 flail. x2
You see here a stone.
The gnoll shouts!
The gnoll throws a stone.
You block the stone.
The gnoll throws a throwing net.
The throwing net barely misses you.
You see here a stone.
The gnoll throws a stone.
You block the stone.
Things that are here:
a stone; 16 arrows An ogre comes into view.
It is wielding a +0 giant spiked club.
The gnoll throws a stone.
You block the stone.
You see here a stone.
You closely miss the gnoll.
The gnoll throws a stone.
The stone hits you but does no damage. The gnoll hits you with a +0 flail!
The gnoll throws a stone.
You block the stone. The gnoll hits you with a +0 flail!
You hit the gnoll.
The gnoll is lightly wounded.
You hit the gnoll. The gnoll hits you but does no damage.
The gnoll throws a stone.
The stone hits you. The gnoll hits you but does no damage.
You slash the gnoll!
You kill the gnoll!
You closely miss the gnoll.
The gnoll throws a stone.
You block the stone. You block the gnoll's attack.
The gnoll throws a stone.
The stone hits you but does no damage.
You barely miss the gnoll.
The gnoll is lightly wounded.
The gnoll barely misses you.
The gnoll throws a stone.
You block the stone.
You closely miss the gnoll.
The gnoll is lightly wounded.
You hit the ogre but do no damage. The gnoll hits you with a +0 flail.
The ogre hits you with a +0 giant spiked club!
You slash the gnoll!
The gnoll is almost dead.
Your shield and scale mail prevent you from hitting the ogre.
The gnoll hits you from afar with a +1 spear of flaming.
The gnoll burns you. The gnoll closely misses you.
The ogre hits you with a +0 giant spiked club!!
You die...

, * ##. ##########
##
#...##........###
*... * *
..................
, ...
..................
**
##...............#
*
#..........)Og...#
.....
#..........@g...#
.....
*#........(.....#
.....
*#......(......#
.....
####..(......##
*..... ##.########
*#.... #.## ######
*#... #..#
###....## *#..
##.#
##.......######
##.#
##..........## #


You could see an ogre and 2 gnolls.

Vanquished Creatures
  A bullfrog skeleton (D:4)
  An orc wizard (D:4)
  A hound (D:4)
  4 worker ants (D:4)
  5 gnolls (D:4)
  2 adders
  An adder skeleton (D:4)
  A worm (D:4)
  A dart slug (D:4)
  4 leopard geckos
  2 orcs (D:4)
  2 giant cockroaches
  A goblin (D:1)
  2 hobgoblins
  A ball python (D:1)
  2 kobolds
  A rat (D:1)
32 creatures vanquished.

Notes
Turn   | Place    | Note
-------+----------+-------------------------------------------
     0 | D:1      | EnegeticOcto the Deep Dwarf Fighter began the quest for the
                  | Orb.
     0 | D:1      | Reached XP level 1. HP: 20/20 MP: 1/1
    85 | D:1      | Reached XP level 2. HP: 25/27 MP: 2/2
   102 | D:2      | Found a shadowy altar of Dithmenos.
   263 | D:2      | Found a basalt altar of Yredelemnul.
   382 | D:4      | Reached skill level 1 in Dodging
   382 | D:4      | Reached XP level 3. HP: 22/34 MP: 3/3
   395 | D:4      | Reached XP level 4. HP: 42/42 MP: 4/4
   430 | D:4      | Reached XP level 5. HP: 42/49 MP: 5/5
   566 | D:4      | Reached XP level 6. HP: 56/57 MP: 5/5
   601 | D:4      | Slain by an ogre

Illustrated notes

Levels and vault maps discovered:
D:1:      kennysheep_arrival_forest, layout_rooms
D:2:      layout_loops_corners, nicolae_dithmenos_shadow_blocks,
          nicolae_overflow_hidden_temple, kiku_gazebo_garden_becter,
          st_stairs_14, uniq_robin
D:3:      layout_basic, overflow_temple_1_default, minmay_box_of_dots
D:4:      layout_cave_pods, serial_shops, shop, minmay_bisected, uniq_duvessa

Skill      XL: |  1  2  3  4  5 |
---------------+----------------+-----
Fighting       | 3 |  3.9
Axes           | 3 4 |  4.1
Dodging        | 1 2 |  2.2
Shields        | 4 |  4.1
Armour         | 4 |  4.1

Action                   |  1- 3 |  4- 6 || total
-------------------------+-------+-------++-------
Melee: War axe           |    36 |    69 ||   105
 Abil: Heal Wounds       |     1 |     6 ||     7
Armor: Scale mail        |    10 |    35 ||    45
Dodge: Dodged            |     9 |    41 ||    50
Block: Kite shield       |    23 |    52 ||    75

Table legend:
 A = Non-vault XP
 B = Vault XP
 C = Vault XP percentage of total XP
 D = Non-vault monster count
 E = Vault monster count
 F = Vault count percentage of total count
                 A         B        C        D         E       F
            +---------+---------+-------+---------+---------+-------
      Total |     326 |      73 |  18.3 |      30 |       2 |   6.2
            +---------+---------+-------+---------+---------+-------
        D:1 |      12 |       0 |   0.0 |       6 |       0 |   0.0
        D:2 |      19 |       0 |   0.0 |       4 |       0 |   0.0
        D:3 |       3 |       0 |   0.0 |       2 |       0 |   0.0
        D:4 |     292 |      73 |  20.0 |      18 |       2 |  10.0
            +---------+---------+-------+---------+---------+-------
